 Dungeon Crawl Stone Soup version 0.21.1-1-g345015f (webtiles) character file.

95 Fang the Skirmisher (level 4, -2/29 HPs)
             Began as a Gargoyle Berserker on June 4, 2018.
             Was a Believer of Trog.
             Slain by a worm (9 damage)
             ... on level 3 of the Dungeon.
             The game lasted 00:02:20 (2085 turns).

Fang the Skirmisher (Gargoyle Berserker)            Turns: 2085, Time: 00:02:21

Health: -2/29      AC:  5    Str: 21    XL:     4   Next: 65%
Magic:  4/4        EV: 12    Int:  8    God:    Trog [**....]
Gold:   52         SH:  0    Dex:  9    Spells: 3/3 levels left

rFire    . . .     SeeInvis .   a - +0 hand axe
rCold    . . .     Gourm    .   (no shield)
rNeg     + . .     Faith    .   b - +0 animal skin
rPois    ∞         Spirit   .   (no helmet)
rElec    +         Reflect  .   (no cloak)
rCorr    .         Harm     .   (no gloves)
MR       .....                  (no boots)
Stlth    +.........             (no amulet)
HPRegen  0.09/turn              (no ring)
MPRegen  0.09/turn              (no ring)

@: no status effects
A: negative energy resistance 1, electricity resistance, unbreathing,
petrification resistance, rot immunity, AC +3
a: Berserk, Trog's Hand, Burn Spellbooks, Renounce Religion


You were on level 3 of the Dungeon.
You worshipped Trog.
Trog was pleased with you.
You were hungry.

You visited 1 branch of the dungeon, and saw 3 of its levels.

You collected 52 gold pieces.

Inventory:

Hand Weapons
 a - a +0 hand axe (weapon)
Missiles
 g - 6 javelins (quivered)
Armour
 b - a +0 animal skin (worn)
Scrolls
 h - a scroll of teleportation {unknown}
 k - a scroll of remove curse {unknown}
 l - 3 scrolls of enchant weapon {unknown}
 m - 2 scrolls of immolation {unknown}
 n - a scroll of identify {unknown}
 o - 4 scrolls of enchant armour {unknown}
Potions
 d - a potion of degeneration {unknown}
 e - a potion of might {unknown}
 f - 2 potions of heal wounds {unknown}
 i - 2 potions of curing {unknown}
 j - 2 potions of brilliance {unknown}
 p - a potion of lignification {unknown}
Comestibles
 c - 2 rations


   Skills:
 + Level 4.1 Fighting
 + Level 3.9 Axes
 + Level 2.4 Armour
 + Level 2.0 Dodging
 + Level 0.3 Stealth


You had 3 spell levels left.
You didn't know any spells.

Dungeon Overview and Level Annotations

Branches:
Dungeon (3/15)

Altars:


Innate Abilities, Weirdness & Mutations

You are resistant to torment.
Your stone body is resilient. (AC +3)
You are immune to poison.
You resist negative energy. (rN+)
You are resistant to electric shocks. (rElec)
You can survive without breathing.
You are immune to petrification.
You are immune to rotting.


Message History

The worm bites you.
You are too injured to fight recklessly!
You are too injured to fight recklessly!
You are too injured to fight recklessly!
You are too injured to fight recklessly!
You are too injured to fight recklessly!
You are too injured to fight recklessly!
You are too injured to fight recklessly!
You are too injured to fight recklessly!
You are too injured to fight recklessly!
You are too injured to fight recklessly!
You are too injured to fight recklessly!
You hit the worm.
The worm is severely wounded.
The worm bites you.
* * * LOW HITPOINT WARNING * * *
You barely miss the worm.
The worm is severely wounded.
The worm bites you!
You die...

##...........#.###.###.#
##..........#.........#
##...##.########.#####
######.# #.# #.# #.#
##'## #.# # ##...## #.#
.## ##...w.## #.###...##
#....@..## #........#
#.........####...#...##
+.........'............
#.........###....######
##.......## #.#.##
##.....## #.### ##..>##
#.# ##'## #.# #. #.#


You could see a worm.

Vanquished Creatures
  Crazy Yiuf (D:2)
  An adder (D:3)
  2 dart slugs
  A leopard gecko (D:2)
  An orc (D:3)
  3 bats
  4 giant cockroaches
  7 goblins
  4 hobgoblins
  8 jackals
  A ball python (D:1)
  9 frilled lizards
  4 kobolds
  5 rats
51 creatures vanquished.

Notes
Turn   | Place    | Note
-------+----------+-------------------------------------------
     0 | D:1      | Fang the Gargoyle Berserker began the quest for the Orb.
     0 | D:1      | Reached XP level 1. HP: 14/14 MP: 1/1
   104 | D:1      | Reached XP level 2. HP: 13/19 MP: 2/2
  1087 | D:2      | Reached XP level 3. HP: 24/24 MP: 3/3
  1089 | D:2      | Reached ** piety under Trog
  1362 | D:2      | Reached skill level 4 in Fighting
  1545 | D:2      | Found a runed door.
  1691 | D:2      | Noticed Crazy Yiuf
  1696 | D:2      | Killed Crazy Yiuf
  1696 | D:2      | Reached XP level 4. HP: 29/29 MP: 4/4
  2085 | D:3      | Slain by a worm

Skill      XL: |  1  2  3  4 |
---------------+-------------+-----
Axes           | 3 |  3.9
Fighting       | 4 |  4.1
Dodging        | 2 |  2.0
Armour         | |  2.4
Stealth        | |  0.3

Action                   |  1- 3 |  4- 6 || total
-------------------------+-------+-------++-------
Melee: Hand axe          |   116 |    26 ||   142
Invok: Berserk           |     3 |       ||     3
  Eat: Chunk             |     4 |     2 ||     6
Armor: Animal skin       |    45 |    10 ||    55
Dodge: Dodged            |    87 |    16 ||   103
